 Dungeon Crawl Stone Soup version 0.27-a0-681-g0c81a3c1c3 (webtiles) character file.

Game seed: 15600308162158050674

199 Anon1729 the Skirmisher (level 6, -2/47 HPs)
             Began as a Human Abyssal Knight on Mar 19, 2021.
             Was a Believer of Lugonu.
             Slain by an orc wizard
             ... wielding a +0 dagger
              (5 damage)
             ... on level 3 of the Dungeon.
             The game lasted 00:08:18 (4787 turns).

Anon1729 the Skirmisher (Human Abyssal Knight)      Turns: 4787, Time: 00:08:19

Health: -2/47      AC:  7    Str: 13    XL:     6   Next: 6%
Magic:  8/8        EV: 11    Int: 12    God:    Lugonu [**....]
Gold:   79         SH:  0    Dex: 14    Spells: 5/5 levels left

rFire    . . .     SeeInvis .   l - +2 dagger (flame)
rCold    + . .     Faith    .   (no shield)
rNeg     . . .     Spirit   .   e - +2 ring mail {rC+}
rPois    .         Reflect  .   (no helmet)
rElec    .         Harm     .   (no cloak)
rCorr    .         Rampage  .   (no gloves)
Will     .....                  (no boots)
Stlth    ..........             (no amulet)
HPRegen  0.15/turn              (no ring)
MPRegen  0.11/turn              (no ring)

@: confused, attractive, hasted, very quick
A: no striking features
a: Renounce Religion, Depart the Abyss, Bend Space


You were on level 3 of the Dungeon.
You worshipped Lugonu.
Lugonu was pleased with you.
You visited 1 branch of the dungeon, and saw 3 of its levels.
You visited the Abyss 1 time.

You collected 79 gold pieces.

Inventory:

Hand Weapons
 a - a +1 short sword
 l - a +2 dagger of flaming (weapon)
Armour
 b - a +0 leather armour
 e - a +2 ring mail of cold resistance (worn)
Wands
 m - a wand of acid (6)
Scrolls
 c - 4 scrolls of identify {unknown}
 d - 2 scrolls of magic mapping {unknown}
 f - a scroll of immolation {unknown}
 g - 2 scrolls of silence {unknown}
 h - a scroll of enchant weapon {unknown}
 i - a scroll of random uselessness {unknown}


   Skills:
 + Level 3.5 Fighting
 + Level 3.1 Short Blades
 + Level 3.1 Armour
 + Level 2.5 Dodging
 + Level 1.0 Stealth
 + Level 3.2 Invocations


You had 5 spell levels left.
You didn't know any spells.
Your spell library was empty.

Dungeon Overview and Level Annotations

Branches:
Dungeon (3/15)

Altars:
Cheibriados
Zin

Shops:
D:1 (


Message History

The orc wizard casts a spell at you.
You are confused.
You barely miss the orc. The orc closely misses you.
The orc wizard points at itself and mumbles some strange words.
The orc wizard flickers and vanishes!
The orc priest casts a cantrip, but nothing happens.
It was a potion of attraction.
You feel attractive to monsters.
The orc priest miscasts a cantrip.
You bump into the rock wall.
You hear some strange, mumbled words.
You are more confused.
You are too confused!
You bump into the rock wall.
The orc closely misses you. Something hits you.
The orc priest mumbles some strange prayers to Beogh against you.
Beogh smites you! The orc barely misses you.
Something hits you but does no damage.
Unknown command.
It was a potion of haste.
You feel yourself speed up. The orc hits you with a +0 short sword.
Something hits you but does no damage.
Unknown command.
You bump into the rock wall.
The orc hits you with a +0 short sword.
You bump into the rock wall.
Something hits you but does no damage.
The orc priest mumbles some strange prayers to Beogh against you.
Beogh smites you!
* * * LOW HITPOINT WARNING * * *
The orc hits you with a +0 short sword.
* * * LOW HITPOINT WARNING * * *
Unknown command.
You aren't carrying any potions.
Unknown command.
Okay, then.
You hit the orc. You burn the orc.
The orc is moderately wounded.
Something hits you but does no damage.
You hit the orc. You burn the orc.
You kill the orc!
Lugonu accepts your kill.
You bump into the rock wall.
Something hits you.
You die...

.# ...# .... .# #..#
.... .# #..# .$... ##
..# ..... # #.#...#
..#...... # #.#...#
##.#oo.... #.....#
#.)o...... ##....#
######oo(.# #.....#
#@{oo#.#..# #.#...#
#)##.#.#.>#
#.#...#######.##.#.####
#..†.....#....##.o.#
#...#.#.##.#########
##..#.#.##.#
#..<#.#....#
#..##.###### #.)...#


You could see an orc priest and an orc.

Vanquished Creatures
  A killer bee zombie (D:3)
  4 gnolls
  7 adders
  An ooze (D:2)
  2 worms
  A dart slug (D:1)
  2 leopard geckos (D:3)
  3 orcs (D:3)
  4 giant cockroaches
  9 goblins
  4 hobgoblins
  4 jackals
  6 bats
  3 frilled lizards (D:1)
  8 kobolds
  6 rats
  A bush (D:2)
66 creatures vanquished.

Vanquished Creatures (others)
  43 plants
43 creatures vanquished.

Grand Total: 109 creatures vanquished

Notes
Turn   | Place    | Note
-------+----------+-------------------------------------------
     0 | Abyss:1  | Anon1729 the Human Abyssal Knight began the quest for the
                  | Orb.
     0 | Abyss:1  | Reached XP level 1. HP: 18/18 MP: 2/2
    26 | D:1      | Escaped the Abyss
    92 | D:1      | Reached XP level 2. HP: 15/24 MP: 3/3
   826 | D:1      | Reached XP level 3. HP: 24/29 MP: 4/4
  1028 | D:1      | Reached ** piety under Lugonu
  1098 | D:1      | Found Niewusa's Weapon Shop.
  1724 | D:2      | Reached XP level 4. HP: 31/35 MP: 5/5
  1771 | D:2      | Found a snail-covered altar of Cheibriados.
  2606 | D:2      | Reached XP level 5. HP: 38/41 MP: 7/7
  3923 | D:3      | Reached *** piety under Lugonu
  4113 | D:3      | Found a glowing silver altar of Zin.
  4485 | D:3      | Reached XP level 6. HP: 12/47 MP: 8/8
  4721 | D:3      | Reached skill level 1 in Stealth
  4787 | D:3      | Slain by an orc wizard

Illustrated notes

Levels and vault maps discovered:
D:1:      minmay_arrival_solitary_statue, layout_loops_ring, serial_shops,
          shop_fountains
D:2:      layout_loops_ring, overflow_temple_1_default, serial_forest,
          infiniplex_forest_3_way, infiniplex_forest_end_2,
          infiniplex_forest_clump_medium, infiniplex_forest_clump_long,
          infiniplex_forest_straight_1, infiniplex_forest_straight_3,
          infiniplex_forest_lined_2, infiniplex_forest_end_2, st_stairs_10
D:3:      layout_basic, zin_statuary, gammafunk_ghost_nasty_kobolds,
          serial_bayou_lake_a

Skill      XL: |  1  2  3  4  5  6 |
---------------+-------------------+-----
Dodging        | 2 |  2.5
Invocations    | 3 |  3.2
Armour         | 3 |  3.1
Short Blades   | 3 |  3.1
Stealth        | 1 |  1.0
Fighting       | |  3.5

Action                   |  1- 3 |  4- 6 || total
-------------------------+-------+-------++-------
Melee: Short sword       |   132 |   138 ||   270
       Dagger            |       |   145 ||   145
Evoke: Wand              |       |     1 ||     1
  Use: Potion            |     1 |     5 ||     6
Armor: Leather armour    |    28 |    15 ||    43
       Ring mail         |       |    12 ||    12
Dodge: Dodged            |    73 |    83 ||   156

Table legend: (Time is in decaauts)
 A = Elapsed time spent in this place.
 B = Non-inter-level travel time spent in this place.
 C = Inter-level travel time spent in this place.
 D = Time resting spent in this place.
 E = Time spent auto-exploring this place.
 F = Levels seen in this place.
 G = Mean time per level.
                   A        B        C        D        E       F      G
               +--------+--------+--------+--------+--------+-----+--------+
         Total |   4764 |   4654 |    110 |   1495 |   2223 |   4 | 1191.0 |
       Dungeon |   4738 |   4628 |    110 |   1495 |   2218 |   3 | 1579.3 |
         Abyss |     26 |     26 |      0 |      0 |      5 |   1 |   26.0 |
               +--------+--------+--------+--------+--------+-----+--------+

Top non-repeatable levels by time:
     D:2: 2577 daAuts
     D:1: 1297 daAuts
     D:3: 862 daAuts
 Abyss:1: 26 daAuts
